 Dungeon Crawl Stone Soup version 0.27-a0-998-g4cfe56dd59 (webtiles) character file.

Game seed: 11738864114167295366

151 siradein the Grave Robber (level 5, -2/35 HPs)
             Began as a Demonspawn Necromancer on Apr 16, 2021.
             Slain by Pikel
             ... wielding a +1 whip of flaming
              (3 damage)
             ... on level 4 of the Dungeon on Apr 17, 2021.
             The game lasted 00:09:01 (3215 turns).

siradein the Grave Robber (Demonspawn Necromancer)  Turns: 3215, Time: 00:09:01

Health: -2/35      AC:  2    Str:  8    XL:     5   Next: 11%
Magic:  1/10       EV: 14    Int: 17    God:
Gold:   156        SH:  0    Dex: 14    Spells: 2/11 levels left

rFire    . . .     SeeInvis .   c - +4 whip (drain)
rCold    . . .     Faith    .   (no shield)
rNeg     . . .     Spirit   .   a - +0 robe
rPois    .         Reflect  .   (helmet restricted)
rElec    .         Harm     .   (no cloak)
rCorr    .         Rampage  .   (no gloves)
Will     .....                  (no boots)
Stlth    ++........             b - amulet of magic regeneration
HPRegen  0.11/turn              (no ring)
MPRegen  0.37/turn              (no ring)

@: very slightly contaminated
A: antennae 1, repulsion field 1, powered by death 1
a: no special abilities


You were on level 4 of the Dungeon.
You visited 1 branch of the dungeon, and saw 4 of its levels.

You collected 156 gold pieces.

Inventory:

Hand Weapons
 c - a +4 whip of draining (weapon)
Missiles
 f - 20 poisoned darts
Armour
 a - a +0 robe (worn)
Jewellery
 b - an amulet of magic regeneration (around neck)
 g - an amulet of reflection
 h - a ring of flight
Scrolls
 d - a scroll of vulnerability {unknown}
 k - 2 scrolls of immolation {unknown}
 l - 3 scrolls of enchant weapon {unknown}
 m - 2 scrolls of identify {unknown}
 n - a scroll of magic mapping {unknown}
 o - a scroll of fog {unknown}
Potions
 e - a potion of mutation {unknown}
 i - 2 potions of curing {unknown}
 j - a potion of lignification {unknown}
 p - a potion of heal wounds {unknown}


   Skills:
 - Level 1.7 Dodging
 - Level 1.7 Stealth
 + Level 3.7 Spellcasting
 + Level 5.9 Necromancy


You had 2 spell levels left.
You knew the following spells:

 Your Spells              Type           Power      Damage    Failure   Level
a - Pain                  Necr           92%        1d8       1%          1
b - Animate Skeleton      Necr           46%        N/A       1%          1
c - Vampiric Draining     Necr           11%        2d7       4%          3
d - Animate Dead          Necr           11%        N/A       14%         4

Your spell library contained the following spells:

 Spells                   Type           Power      Damage    Failure   Level
 Agony                    Necr           23%        N/A       36%         5


Dungeon Overview and Level Annotations

Branches:
Dungeon (4/15)
 Temple: D:4-7

Altars:
Dithmenos
Qazlal
Ru
Wu Jian

Annotations:
D:4 Pikel


Innate Abilities, Weirdness & Mutations

You have a pair of small antennae on your head.
You are surrounded by a mild repulsion field. (EV +2)
You regenerate a little health from kills.


Message History

Confirm with . or Enter, or press ? or * to list all spells.
Aiming: Vampiric Draining (dangerous; 4% risk of failure)
Press: ? - help, Shift-Dir - straight line, f/p - Pikel
Aim: Pikel, wielding a +1 whip of flaming and wearing a +0 robe (heavily wounded)
You miscast Vampiric Draining.
You are very lightly contaminated with residual magic.
Nothing appears to happen.
Pikel closely misses you.
Casting: Vampiric Draining (dangerous; 4% risk of failure)
Confirm with . or Enter, or press ? or * to list all spells.
Aiming: Vampiric Draining (dangerous; 4% risk of failure)
Press: ? - help, Shift-Dir - straight line, f/p - Pikel
Aim: Pikel, wielding a +1 whip of flaming and wearing a +0 robe (heavily wounded)
You draw life force from Pikel.
You feel life coursing into your body.
Pikel hits you with a +1 whip of flaming.
Pikel burns you.
Casting: Vampiric Draining (dangerous; 4% risk of failure)
Confirm with . or Enter, or press ? or * to list all spells.
Aiming: Vampiric Draining (dangerous; 4% risk of failure)
Press: ? - help, Shift-Dir - straight line, f/p - Pikel
Aim: Pikel, wielding a +1 whip of flaming and wearing a +0 robe (severely wounded)
You draw life force from Pikel!
You feel life coursing into your body.
Pikel hits you with a +1 whip of flaming!
Pikel burns you.
* * * LOW HITPOINT WARNING * * *
A lemure comes into view.
Pikel says, "Hell isn't that bad."
Aiming: Pain (safe; 1% risk of failure)
Press: ? - help, Q - select action, (/) - cycle Shift-Dir - straight line, f/p - Pikel
Aim: Pikel, wielding a +1 whip of flaming and wearing a +0 robe (almost dead, chance to affect: 83%) Pikel writhes in agony.
Unknown command.
Aiming: Pain (safe; 1% risk of failure)
Press: ? - help, Q - select action, (/) - cycle Shift-Dir - straight line, f/p - Pikel
Aim: Pikel, wielding a +1 whip of flaming and wearing a +0 robe (almost dead, chance to affect: 83%) Pikel barely resists.
Pikel closely misses you.
Pikel hits you with a +1 whip of flaming!
* * * LOW HITPOINT WARNING * * *
Pikel burns you.
You die...

#..........#......
#..........#...... ###
#..........#..... ######.#
#..........#...#
#......########...##...##...##+#
#......#.....##...##...##...##..
#.....#.......#.................
#.....#.......#..)..............
#.....#.......#@....5.......##..
#.....'.......#.K.).........##..
#.....##......#..<...........#..
#.....##.....##..............#..
#.....#########.....)........#..
#............##...##...###..##..
#............#########'###..##..
#.....#............#............
#######......##....#............


You could see Pikel and a lemure.

Vanquished Creatures
  An orc wizard (D:3)
  3 adders
  A worm (D:3)
  6 orcs
  7 bats
  5 endoplasms
  13 giant cockroaches
  9 goblins
  8 hobgoblins
  2 jackals (D:2)
  8 kobolds
  A quokka (D:3)
  6 ball pythons
  2 frilled lizards
  6 rats
78 creatures vanquished.

Vanquished Creatures (collateral kills)
  An adder skeleton (D:4)
1 creature vanquished.

Grand Total: 79 creatures vanquished

Notes
Turn   | Place    | Note
-------+----------+-------------------------------------------
     0 | D:1      | siradein the Demonspawn Necromancer began the quest for the
                  | Orb.
     0 | D:1      | Reached XP level 1. HP: 13/13 MP: 3/3
   260 | D:1      | Gained mutation: You regenerate a little health from kills.
                  | [demonic ancestry]
   260 | D:1      | Reached XP level 2. HP: 9/19 MP: 1/5
  1083 | D:1      | Gained mutation: You have a pair of small antennae on your
                  | head. [demonic ancestry]
  1083 | D:1      | Reached XP level 3. HP: 24/24 MP: 7/7
  1085 | D:1      | Learned a level 1 spell: Animate Skeleton
  1089 | D:1      | Learned a level 3 spell: Vampiric Draining
  1096 | D:2      | Reached skill level 5 in Necromancy
  1304 | D:2      | Found a faded altar of an unknown god.
  1667 | D:2      | Gained mutation: You are surrounded by a mild repulsion
                  | field. (EV +2) [demonic ancestry]
  1667 | D:2      | Reached XP level 4. HP: 22/30 MP: 3/8
  1681 | D:2      | Learned a level 4 spell: Animate Dead
  2114 | D:3      | Found a shadowy altar of Dithmenos.
  2221 | D:3      | Found a stormy altar of Qazlal.
  2221 | D:3      | Found an ornate altar of the Wu Jian Council.
  2637 | D:3      | Found a sacrificial altar of Ru.
  2792 | D:4      | Reached XP level 5. HP: 34/35 MP: 7/10
  2971 | D:4      | Noticed a lemure
  2971 | D:4      | Noticed a lemure
  3200 | D:4      | Noticed Pikel
  3208 | D:4      | Noticed a lemure
  3215 | D:4      | HP: 1/35 [Pikel/+1 whip of flaming (8)]
  3215 | D:4      | Slain by Pikel

Illustrated notes

Levels and vault maps discovered:
D:1:      lightli_arrival_chessboard, layout_rooms
D:2:      minmay_roachtagon, layout_rooms,
          shapermc_ecumenical_altar_starsandcircs, minmay_circled_x
D:3:      layout_loops_cross, nicolae_ru_the_path_less_chosen,
          gammafunk_temple_overflow_forgotten, serial_rivers,
          chequers_serial_rivers_micro_b, chequers_serial_rivers_micro_a,
          chequers_serial_rivers_micro_a, chequers_serial_rivers_micro_c,
          chequers_serial_rivers_large_a
D:4:      layout_gridville, uniq_pikel, uniq_duvessa

Skill      XL: |  1  2  3 |
---------------+----------+-----
Necromancy     | 5 |  5.9
Spellcasting   | 3 |  3.7
Dodging        | |  1.7
Stealth        | |  1.7

Action                   |  1- 3 |  4- 6 || total
-------------------------+-------+-------++-------
Melee: Whip              |    15 |     5 ||    20
 Cast: Pain              |    80 |    59 ||   139
       Vampiric Draining |       |     3 ||     3
       Animate Skeleton  |       |     1 ||     1
Armor: Robe              |    14 |     2 ||    16
Dodge: Dodged            |    31 |    18 ||    49

Table legend: (Time is in decaauts)
 A = Elapsed time spent in this place.
 B = Non-inter-level travel time spent in this place.
 C = Inter-level travel time spent in this place.
 D = Time resting spent in this place.
 E = Time spent auto-exploring this place.
 F = Levels seen in this place.
 G = Mean time per level.
                   A        B        C        D        E       F      G
               +--------+--------+--------+--------+--------+-----+--------+
         Total |   3237 |   3187 |     50 |     18 |   2454 |   4 |  809.2 |
       Dungeon |   3237 |   3187 |     50 |     18 |   2454 |   4 |  809.2 |
               +--------+--------+--------+--------+--------+-----+--------+

Top non-repeatable levels by time:
     D:1: 1086 daAuts
     D:3: 1026 daAuts
     D:2: 866 daAuts
     D:4: 258 daAuts
